 Dungeon Crawl Stone Soup version 0.22.1-2-g9c5b331383 (webtiles) character file.

6434 Allansia the Charlatan (level 11, -3/77 HPs)
             Began as a Human Wanderer on Nov 28, 2018.
             Was a Priest of Elyvilon.
             Slain by a black mamba (16 damage)
             ... on level 1 of the Lair of Beasts on Dec 4, 2018.
             The game lasted 02:51:55 (11332 turns).

Allansia the Charlatan (Human Wanderer)            Turns: 11332, Time: 02:51:56

Health: -3/77      AC: 13    Str: 12    XL:     11   Next: 18%
Magic:  15/15      EV: 13    Int: 13    God:    Elyvilon [***...]
Gold:   47         SH:  0    Dex: 16    Spells: 4/14 levels left

rFire    . . .     SeeInvis .   a - +0 war axe (freeze)
rCold    + . .     Gourm    .   (no shield)
rNeg     + . .     Faith    .   t - +2 ring mail {rN+}
rPois    .         Spirit   .   A - +0 helmet
rElec    .         Reflect  .   r - +0 cloak
rCorr    .         Harm     .   e - +0 pair of gloves
MR       +....                  w - +1 pair of boots
Stlth    ++........             u - amulet of rage
HPRegen  0.22/turn              L - ring of protection from cold
MPRegen  0.14/turn              V - ring of protection from magic

@: lethally poisoned (-3 -> -39), very slightly contaminated
A: no striking features
a: Lesser Healing, Heal Other, Purification, Divine Protection, Renounce
Religion, Evoke Berserk Rage


You were on level 1 of the Lair of Beasts.
You worshipped Elyvilon.
Elyvilon was most pleased with you.
You were not hungry.

You visited 2 branches of the dungeon, and saw 10 of its levels.
You also visited: Sewer.

You collected 705 gold pieces.
You spent 658 gold pieces at shops.

Inventory:

Hand Weapons
 a - a +0 war axe of freezing (weapon)
 b - a +0 shortbow
 K - a +0 blowgun
 M - a +0 halberd
 Q - a +0 morningstar
 S - a +0 hunting sling
Missiles
 d - 468 stones
 i - 162 arrows
 m - 46 poisoned needles
 D - 39 bolts
 E - 79 sling bullets
 G - a tomahawk of returning (quivered)
Armour
 e - a +0 pair of gloves (worn)
 j - a +1 robe of resistance
 q - a +0 buckler
 r - a +0 cloak (worn)
 s - a +2 scale mail of cold resistance
 t - a +2 ring mail of positive energy (worn)
 w - a +1 pair of boots (worn)
 A - a +0 helmet (worn)
 B - a +2 robe of positive energy
Magical Staves
 C - an uncursed staff of poison
Jewellery
 u - an amulet of rage (around neck)
 L - a ring of protection from cold (left hand)
 V - a ring of protection from magic (right hand)
Wands
 p - a wand of scattershot (4)
 P - a wand of flame (25)
 U - a wand of iceblast (9)
Scrolls
 g - 4 scrolls of blinking
 h - a scroll of immolation
 k - 7 scrolls of teleportation
 n - 2 scrolls of amnesia
 y - 2 scrolls of remove curse
 I - a scroll of magic mapping
 T - a scroll of brand weapon
Potions
 c - 3 potions of curing
 l - a potion of resistance {unknown}
 o - 2 potions of degeneration {unknown}
 v - 6 potions of brilliance {unknown}
 x - 2 potions of ambrosia {unknown}
 z - 2 potions of heal wounds {unknown}
 F - 2 potions of might
 H - 2 potions of flight {unknown}
 J - 2 potions of invisibility {unknown}
 N - 2 potions of haste {unknown}
 O - a potion of lignification {unknown}
 R - a potion of cancellation {unknown}
Comestibles
 f - 29 rations


   Skills:
 - Level 4.1 Fighting
   Level 2.6(2.8) Short Blades
   Level 1.0(2.0) Long Blades
 - Level 4.2(4.4) Axes
 - Level 1.9(3.3) Maces & Flails
 - Level 1.6(3.0) Slings
 - Level 3.3 Bows
 - Level 4.0(4.2) Throwing
 - Level 4.1 Armour
 - Level 4.2 Dodging
 - Level 5.5 Stealth
 - Level 4.0 Shields
 - Level 2.0 Spellcasting
 - Level 3.1 Conjurations
 - Level 3.3 Hexes
 + Level 2.0 Translocations
 - Level 2.2 Transmutations
 - Level 2.1 Fire Magic
 - Level 2.2 Poison Magic
 - Level 5.2 Invocations
 - Level 6.0 Evocations


You had 4 spell levels left.
You knew the following spells:

 Your Spells              Type           Power        Failure   Level  Hunger
a - Alistair's Intoxicat  Tmut/Pois      #.......     99%         5    ######.
b - Apportation           Tloc           #.....       24%         1    ##.....
c - Confusing Touch       Hex            #.....       14%         1    ##.....
d - Conjure Flame         Conj/Fire      #.......     50%         3    ####...

Your spell library contained the following spells:

 Spells                   Type           Power        Failure   Level  Hunger
 Tukima's Dance           Hex            #.......     38%         3    ####...
 Poisonous Vapours        Pois/Air       #.....       45%         2    ###....
 Animate Skeleton         Necr           N/A          47%         1    ##.....
 Summon Butterflies       Summ           #.......     47%         1    ##.....
 Summon Small Mammal      Summ           #...         47%         1    ##.....
 Lesser Beckoning         Tloc           #.........   56%         3    ####...
 Mephitic Cloud           Conj/Pois/Air  #.......     61%         3    ####...
 Freezing Cloud           Conj/Ice/Air   #.........   100%        6    #######
 Invisibility             Hex            #.......     100%        6    #######
 Ring of Flames           Chrm/Fire      #.........   100%        7    #######


Dungeon Overview and Level Annotations

Branches:
Dungeon (9/15)             Temple (0/1) D:7            Lair (1/6) D:9
    Orc: D:9-12

Altars:
Elyvilon
Okawaru
Qazlal
Uskayaw
Vehumet
Wu Jian
Xom
Yredelemnul

Shops:
D:5 [   D:9 ?

Annotations:
Lair:1 3 runed doors


Message History

You barely miss the black mamba.
You feel very sick. The black mamba barely misses you.
The black mamba closely misses you.
You hit the black mamba but do no damage.
You feel very sick.
The black mamba bites you but does no damage.
The black mamba bites you. The black mamba barely misses you.
You miss the black mamba.
You feel sick. The black mamba bites you!
* * * LOW HITPOINT WARNING * * *
The black mamba bites you but does no damage.
You fail to use your ability.
You feel sick. The black mamba closely misses you. The black mamba bites you.
* * * LOW HITPOINT WARNING * * *
You are lethally poisoned!
The black mamba poisons you!
You closely miss the black mamba.
* * * LOW HITPOINT WARNING * * *
You feel very sick. The black mamba bites you!
You die...

#......####.#
.......#<...#.#
.#..P....##.P.#
..F....... ..#
#.....$.### ##
....#.#.
F..#..#.= . ..
......######
.##
.......SS@.#
####.###.# #.##
#.P# #..# #.##
#.## #..# #.##


You could see a black mamba and a water moccasin.

Vanquished Creatures
  A two-headed ogre (D:8)
  Joseph (D:8)
  2 komodo dragons
  Sigmund (D:3)
  A spriggan (D:7)
  A vampire (D:9)
  4 yaks (Lair:1)
  2 porcupines (Lair:1)
  3 ice beasts
  6 wolves (Lair:1)
  5 ogres
  A centaur (D:9)
  2 big kobolds
  5 bullfrogs
  A wyvern zombie (D:7)
  7 killer bees
  A howler monkey (D:8)
  3 crimson imps
  2 bullfrog zombies
  A hound (D:8)
  A bullfrog skeleton (D:4)
  6 orc priests
  3 orc wizards
  Ijyb (D:5)
  4 iguanas
  Jessica (D:3)
  Terence (D:2)
  Natasha (thrice) (D:2)
  10 worker ants
  A hound zombie (D:8)
  A worker ant zombie (D:6)
  16 adders
  4 gnolls (D:7)
  8 river rats
  3 oozes
  An adder zombie (D:8)
  2 adder skeletons
  2 worms
  7 dart slugs
  4 leopard geckos
  22 orcs
  A ball python (Sewer)
  7 bats
  4 giant cockroaches
  4 goblins
  11 hobgoblins
  8 jackals
  6 quokkas
  5 frilled lizards
  2 jackal zombies
  32 kobolds
  A leopard gecko skeleton (D:6)
  26 rats
  A spectral orc (D:8)
259 creatures vanquished.

Vanquished Creatures (others)
  An adder (D:2)
  2 plants (D:9)
3 creatures vanquished.

Grand Total: 262 creatures vanquished

Notes
Turn   | Place    | Note
-------+----------+-------------------------------------------
     0 | D:1      | Allansia the Human Wanderer began the quest for the Orb.
     0 | D:1      | Allansia set off with: a wand of flame (15), a +0 ring
                  | mail, a potion of curing, a +0 club, a ration
     0 | D:1      | Reached XP level 1. HP: 18/18 MP: 1/1
    21 | D:1      | Reached skill level 1 in Stealth
   135 | D:1      | Reached XP level 2. HP: 18/24 MP: 2/2
   148 | D:1      | Reached skill level 1 in Short Blades
   254 | D:1      | Reached skill level 1 in Dodging
   428 | D:1      | Reached XP level 3. HP: 23/29 MP: 3/3
  1309 | D:2      | Found a white marble altar of Elyvilon.
  1318 | D:2      | Noticed Natasha
  1323 | D:2      | Killed Natasha
  1323 | D:2      | Reached XP level 4. HP: 27/35 MP: 4/4
  1326 | D:2      | Became a worshipper of Elyvilon the Healer
  1404 | D:2      | Reached skill level 1 in Invocations
  1431 | D:2      | Found a radiant altar of Vehumet.
  1449 | D:2      | Reached XP level 5. HP: 41/41 MP: 6/6
  1498 | D:2      | Noticed Terence
  1529 | D:2      | Killed Terence
  1712 | D:2      | Reached * piety under Elyvilon
  1784 | D:2      | Found an ornate altar of the Wu Jian Council.
  2173 | D:2      | Noticed Natasha
  2183 | D:2      | Killed Natasha
  2192 | D:2      | Noticed Natasha
  2203 | D:2      | Killed Natasha
  2203 | D:2      | Reached XP level 6. HP: 40/47 MP: 7/7
  2694 | D:3      | Reached ** piety under Elyvilon
  2851 | D:3      | Noticed Sigmund
  2872 | D:3      | Killed Sigmund
  2872 | D:3      | Reached XP level 7. HP: 32/52 MP: 8/8
  3227 | D:3      | Noticed Jessica
  3241 | D:3      | Killed Jessica
  3744 | D:4      | Reached skill level 2 in Evocations
  3840 | D:4      | Reached skill level 1 in Maces & Flails
  4441 | D:5      | Entered Level 5 of the Dungeon
  4515 | D:5      | Found Areosaf's Antique Armour Shop.
  4656 | D:5      | Reached XP level 8. HP: 51/58 MP: 10/10
  4937 | D:5      | Noticed Ijyb
  4962 | D:5      | Killed Ijyb
  5148 | D:5      | Bought a buckler for 112 gold pieces
  5306 | D:6      | Reached skill level 1 in Shields
  5386 | D:6      | Found a hide-covered altar of Uskayaw.
  5473 | D:6      | Found a glowing drain.
  5488 | Sewer    | Entered a sewer
  5927 | Sewer    | Reached skill level 3 in Evocations
  6502 | D:6      | Reached *** piety under Elyvilon
  6734 | D:7      | Reached XP level 9. HP: 24/65 MP: 8/12
  7553 | D:7      | Found a staircase to the Ecumenical Temple.
  8100 | D:8      | Found a basalt altar of Yredelemnul.
  8190 | D:8      | Noticed a two-headed ogre
  8197 | D:8      | Killed a two-headed ogre
  8197 | D:8      | Reached skill level 6 in Evocations
  8197 | D:8      | Reached XP level 10. HP: 71/71 MP: 10/14
  8297 | D:8      | Reached skill level 5 in Invocations
  8348 | D:8      | Noticed Joseph
  8358 | D:8      | Killed Joseph
  8358 | D:8      | Reached skill level 5 in Stealth
  8377 | D:8      | Learned a level 3 spell: Conjure Flame
  8384 | D:8      | Learned a level 6 spell: Freezing Cloud
  8548 | D:8      | Reached skill level 1 in Slings
  8687 | D:8      | Reached skill level 1 in Conjurations
  8691 | D:8      | Learned a level 1 spell: Apportation
  8693 | D:8      | Learned a level 1 spell: Confusing Touch
  8826 | D:9      | Reached skill level 1 in Hexes
  8847 | D:9      | Reached skill level 1 in Translocations
  8948 | D:9      | Learned a level 5 spell: Alistair's Intoxication
  8969 | D:9      | Found Zeqyud's Magic Scroll Emporium.
  8975 | D:9      | Bought a scroll of brand weapon for 240 gold pieces
  9014 | D:9      | Found a shimmering altar of Xom.
  9016 | D:9      | Found a shimmering altar of Xom.
  9017 | D:9      | Found a shimmering altar of Xom.
  9017 | D:9      | Found a shimmering altar of Xom.
  9138 | D:9      | Reached skill level 1 in Transmutations
  9142 | D:9      | Reached **** piety under Elyvilon
  9206 | D:9      | Reached skill level 1 in Poison Magic
  9269 | D:9      | Learned a level 3 spell: Conjure Flame
  9300 | D:9      | Reached skill level 1 in Spellcasting
  9332 | D:9      | Found an iron altar of Okawaru.
  9337 | D:9      | Reached skill level 1 in Fire Magic
  9461 | D:9      | Found a shimmering altar of Xom.
  9461 | D:9      | Found a shimmering altar of Xom.
  9462 | D:9      | Found a shimmering altar of Xom.
  9584 | D:9      | Found a staircase to the Lair.
  9585 | D:9      | Noticed a komodo dragon
  9624 | D:9      | Killed a komodo dragon
  9651 | D:9      | Found a stormy altar of Qazlal.
 10262 | D:9      | Noticed a rime drake
 10262 | D:9      | a rime drake changed into a polar bear
 10269 | D:9      | Bought 3 scrolls of blinking for 270 gold pieces
 10269 | D:9      | Bought a scroll of teleportation for 36 gold pieces
 10358 | Lair:1   | Entered Level 1 of the Lair of Beasts
 10438 | Lair:1   | Noticed a komodo dragon
 10449 | Lair:1   | Killed a komodo dragon
 10496 | Lair:1   | Found a runed gate.
 10507 | Lair:1   | Found a runed gate.
 10512 | Lair:1   | Found a runed gate.
 10552 | Lair:1   | Noticed a five-headed hydra
 10613 | Lair:1   | Reached XP level 11. HP: 14/77 MP: 10/15
 11332 | Lair:1   | Slain by a black mamba

Skill      XL: |  1  2  3  4  5  6  7  8  9 10 11 |
---------------+----------------------------------+-----
Stealth        | 1 2 3 4 5 |  5.5
Short Blades   | 1 2 |  2.6
Dodging        | 1 3 4 |  4.2
Invocations    | 1 2 3 4 5 |  5.2
Throwing       | 2 3 4 |  4.0
Armour         | 2 3 4 |  4.1
Evocations     | 2 3 6 |  6.0
Maces & Flails | 1 |  1.9
Shields        | 3 4 |  4.0
Fighting       | 4 |  4.1
Axes           | 4 |  4.2
Slings         | 1 |  1.6
Conjurations   | 2 3 |  3.1
Hexes          | 2 3 |  3.3
Translocations | 2 |  2.0
Transmutations | 2 |  2.2
Poison Magic   | 1 2 |  2.2
Spellcasting   | 1 2 |  2.0
Fire Magic     | 1 2 |  2.1
Bows           | 2 3 |  3.3
Long Blades    | |  1.0

Action                   |  1- 3 |  4- 6 |  7- 9 | 10-12 || total
-------------------------+-------+-------+-------+-------++-------
Melee: Club              |    10 |       |       |       ||    10
       Dagger            |     7 |       |       |       ||     7
       Short sword       |   151 |       |       |       ||   151
       Rapier            |       |   163 |    49 |       ||   212
       War axe           |       |       |   813 |   344 ||  1157
       Flail             |       |       |    27 |       ||    27
 Fire: Blowgun           |       |     3 |    56 |     9 ||    68
       Hunting sling     |       |       |       |    46 ||    46
       Shortbow          |       |       |       |    24 ||    24
Throw: Stone             |    34 |    35 |     2 |       ||    71
       Tomahawk          |       |       |   120 |     6 ||   126
 Cast: Apportation       |       |       |       |     7 ||     7
       Confusing Touch   |       |       |       |     1 ||     1
Invok: Lesser Healing    |       |       |    28 |    14 ||    42
       Heal Other        |       |       |     6 |     1 ||     7
       Purification      |       |       |     1 |     2 ||     3
       Greater Healing   |       |       |       |     1 ||     1
 Abil: Evoke Berserk Rag |       |     1 |       |     2 ||     3
Evoke: Wand              |     7 |     6 |    13 |     4 ||    30
  Use: Scroll            |       |       |    14 |     7 ||    21
       Potion            |       |       |     6 |     3 ||     9
 Stab: Sleeping          |       |     1 |     5 |     2 ||     8
  Eat: Chunk             |     2 |     4 |    17 |    10 ||    33
       Ration            |       |       |     3 |     2 ||     5
Armor: Ring mail         |    62 |    11 |   482 |   174 ||   729
       Scale mail        |       |    49 |    71 |       ||   120
Dodge: Dodged            |    75 |    57 |   684 |   316 ||  1132
Block: Buckler           |       |       |   212 |    47 ||   259
